 Dungeon Crawl Stone Soup version 0.26-a0-712-ga5a9c9c9d0 (webtiles) character file.

Game seed: 8137254220938863730

72 graki42 the Conjurer (level 4, 22/24 HPs)
             Began as a Deep Elf Conjurer on Nov 9, 2020.
             Quit the game on level 3 of the Dungeon.
             The game lasted 00:05:01 (2226 turns).

graki42 the Conjurer (Deep Elf Conjurer)            Turns: 2226, Time: 00:05:02

Health: 22/24      AC:  3    Str:  5    XL:     4   Next: 7%
Magic:  10/12      EV: 13    Int: 29    God:
Gold:   193        SH:  0    Dex: 13    Spells: 5/11 levels left

rFire    . . .     SeeInvis .   (no weapon)
rCold    . . .     Faith    .   (no shield)
rNeg     . . .     Spirit   .   a - +0 robe
rPois    .         Reflect  .   (no helmet)
rElec    .         Harm     .   (no cloak)
rCorr    .         Rampage  .   h - +0 pair of gloves
MR       .....                  (no boots)
Stlth    ++........             (no amulet)
HPRegen  0.08/turn              t - +6 ring of intelligence
MPRegen  0.13/turn              (no ring)

@: no status effects
A: no striking features
a: no special abilities


You were on level 3 of the Dungeon.
You visited 1 branch of the dungeon, and saw 3 of its levels.

You collected 193 gold pieces.

Inventory:

Armour
 a - a +0 robe (worn)
 h - a +0 pair of gloves (worn)
Jewellery
 o - an uncursed amulet of faith
 t - a +6 ring of intelligence (left hand)
 v - a +6 ring of intelligence
Scrolls
 c - a scroll of noise {unknown}
 e - 4 scrolls of identify {unknown}
 f - 4 scrolls of remove curse {unknown}
 g - 2 scrolls of enchant armour {unknown}
 i - a scroll of fear {unknown}
 k - 2 scrolls of enchant weapon {unknown}
 n - a scroll of fog {unknown}
 s - a scroll of teleportation {unknown}
Potions
 b - 2 potions of heal wounds {unknown}
 d - 2 potions of might {unknown}
 j - 2 potions of curing {unknown}
 l - a potion of magic {unknown}
 m - 3 potions of brilliance {unknown}
 p - a potion of flight {unknown}
 q - a potion of invisibility {unknown}
 r - 2 potions of ambrosia {unknown}
 u - a potion of stabbing {unknown}


   Skills:
 - Level 3.0 Dodging
 - Level 3.0 Stealth
 + Level 4.2 Spellcasting
 + Level 5.2 Conjurations


You had 5 spell levels left.
You knew the following spells:

 Your Spells              Type           Power        Failure   Level
a - Magic Dart            Conj           ####         1%          1
b - Searing Ray           Conj           #####.       1%          2
c - Dazzling Flash        Conj/Hex       ###...       7%          3

Your spell library contained the following spells:

 Spells                   Type           Power        Failure   Level
 Animate Skeleton         Necr           #.....       7%          1
 Apportation              Tloc           #.....       7%          1
 Corona                   Hex            #......      7%          1
 Summon Small Mammal      Summ           #...         7%          1
 Fulminant Prism          Conj/Hex       ###.......   22%         4
 Iskenderun's Mystic Bla  Conj/Tloc      ###.....     22%         4


Dungeon Overview and Level Annotations

Branches:
Dungeon (3/15)

Altars:


Message History

The hobgoblin is severely wounded.
The hobgoblin hits you with a +0 club.
Casting: Magic Dart (safe; 1% risk of failure)
Confirm with . or Enter, or press ? or * to list all spells.
Aiming: Magic Dart (safe; 1% risk of failure)
Press: ? - help, Shift-Dir - straight line, f/p - hobgoblin
Aim: a hobgoblin, wielding a +0 club (severely wounded)
The magic dart hits the hobgoblin.
You kill the hobgoblin!
Things that are here:
a +0 club; a hobgoblin corpse You pick up a book of Cantrips and begin reading...
You add the spells Corona, Animate Skeleton, Summon Small Mammal and Apportation to your library.
Unknown command.
This spell is quite dangerous to cast!
Memorise Dazzling Flash, consuming 3 spell levels and leaving 5?
You start memorising the spell.
You continue memorising. x3
You finish memorising.
Spell assigned to 'c'.
Okay, then.
Are you sure you want to abandon this character and quit the game? (Confirm with "yes".)

.........# #.#
#.#####..# #.#
.#.......# #.#
#.#####.## #.#
#.#####.# #.#
........# #.# #
..#####.# #.# #
#)#
#.###########.#
# #.#
#.........@.).#
# #.#
#.#############
#
#.#####.######
#####
#............#
#....
........####.#
#.### .....†###
# #####.# # #.#
# #.# #


There were no monsters in sight!

Vanquished Creatures
  3 adders
  2 worms
  A dart slug (D:1)
  A leopard gecko (D:1)
  A giant cockroach (D:1)
  7 hobgoblins
  2 kobolds (D:1)
  A quokka (D:3)
  7 bats
  3 frilled lizards
  5 goblins
  3 rats
36 creatures vanquished.

Notes
Turn   | Place    | Note
-------+----------+-------------------------------------------
     0 | D:1      | graki42 the Deep Elf Conjurer began the quest for the Orb.
     0 | D:1      | Reached XP level 1. HP: 10/10 MP: 6/6
   276 | D:1      | Reached XP level 2. HP: 15/15 MP: 2/8
   359 | D:1      | Learned a level 2 spell: Searing Ray
   919 | D:2      | Reached XP level 3. HP: 19/19 MP: 6/10
  1445 | D:2      | Reached skill level 5 in Conjurations
  1874 | D:3      | Reached XP level 4. HP: 24/24 MP: 9/12
  2226 | D:3      | Learned a level 3 spell: Dazzling Flash
  2226 | D:3      | Quit the game

Illustrated notes

Levels and vault maps discovered:
D:1:      tarquinn_simple_flora_water_f, layout_basic
D:2:      layout_basic, serial_glass, glass_columns_a, glass_columns_b,
          feat_on_display, due_unseen_surprise, item_on_display_a,
          minmay_strange_pillars
D:3:      layout_loops_ring, uniq_ijyb

Skill      XL: |  1  2  3 |
---------------+----------+-----
Stealth        | 3 |  3.0
Dodging        | 3 |  3.0
Conjurations   | 5 |  5.2
Spellcasting   | 4 |  4.2

Action                   |  1- 3 |  4- 6 || total
-------------------------+-------+-------++-------
 Cast: Magic Dart        |    61 |     5 ||    66
       Searing Ray       |     3 |       ||     3
Armor: Robe              |     1 |       ||     1
Dodge: Dodged            |     7 |       ||     7

Table legend: (Time is in decaauts)
 A = Elapsed time spent in this place.
 B = Non-inter-level travel time spent in this place.
 C = Inter-level travel time spent in this place.
 D = Time resting spent in this place.
 E = Time spent auto-exploring this place.
 F = Levels seen in this place.
 G = Mean time per level.
                   A        B        C        D        E       F      G
               +--------+--------+--------+--------+--------+-----+--------+
         Total |   2225 |   2186 |     39 |    168 |   1833 |   3 |  741.7 |
       Dungeon |   2225 |   2186 |     39 |    168 |   1833 |   3 |  741.7 |
               +--------+--------+--------+--------+--------+-----+--------+

Top non-repeatable levels by time:
     D:2: 887 daAuts
     D:1: 758 daAuts
     D:3: 579 daAuts
